 Dungeon Crawl Stone Soup version 0.30-a0-465-g8901f6c8b5 (webtiles) character file.

Game seed: 15167042606433808958

4755 RegularBeans the Thaumaturge (level 10, -5/67 HPs)
             Began as a Spriggan Earth Elementalist on Dec 18, 2022.
             Was a Believer of Dithmenos.
             Slain by a two-headed ogre
             ... wielding a +0 giant club
              (29 damage)
             ... on level 9 of the Dungeon.
             The game lasted 01:49:33 (10550 turns).

RegularBeans the Thaumaturge (SpEE)                Turns: 10550, Time: 01:49:37

Health: -5/67      AC:  7    Str:  4      XL:     10   Next: 23%
Magic:  6/26       EV: 19    Int: 20      God:    Dithmenos [**....]
Gold:   409        SH:  0    Dex: 13 (17) Spells: 17/31 levels left

rFire   . . .      SeeInvis +    x - +0 spear (vorpal)
rCold   . . .      Faith    .    v - orb {*Rage}
rNeg    . . .      Spirit   .    H - +1 steam dragon scales
rPois   .          Reflect  .    (helmet restricted)
rElec   .          Harm     .    K - +0 cloak
rCorr   .          Rampage  .    (gloves unavailable)
Will    ++...      Rage     20%  (boots unavailable)
Stlth   ..........               (no amulet)
HPRegen 0.31/turn                M - ring of see invisible
MPRegen 0.20/turn                p - ring of willpower

@: mighty, berserking, slowed, wreathed by umbra, very quick
A: very small, no large weapons, unfitting armour, see invisible, speed 3
a: Renounce Religion, Shadow Step


You were on level 9 of the Dungeon.
You worshipped Dithmenos.
Dithmenos was pleased with you.
You visited 2 branches of the dungeon, and saw 10 of its levels.
You also visited: Ossuary.

You collected 689 gold pieces.
You spent 280 gold pieces at shops.

Inventory:

Hand Weapons
 n - a +2 quarterstaff of freezing
 x - a +0 vorpal spear (weapon)
 y - a +1 spear of venom
 z - a +0 spear of venom
 B - a +0 shortbow of flaming
 L - a +2 short sword of venom
Missiles
 w - 3 throwing nets
 J - 4 poisoned darts
Armour
 a - a +0 robe
 v - an orb of wrath (worn)
 D - the +1 robe "Leurghij" {rC+ rN++ Will-}
   (You found it on level 6 of the Dungeon)

   rC:        It protects you from cold.
   rN:        It greatly protects you from negative energy.
   Will:      It decreases your willpower.
 H - +1 steam dragon scales (worn)
 K - a +0 cloak (worn)
Magical Staves
 A - a staff of poison
Jewellery
 o - a ring of fire
 p - a ring of willpower (right hand)
 M - a ring of see invisible (left hand)
Wands
 i - a wand of light (10)
Scrolls
 b - 3 scrolls of fear
 d - a scroll of identify
 e - 4 scrolls of teleportation
 k - a scroll of silence
 m - 2 scrolls of poison
 r - a scroll of butterflies
 C - a scroll of enchant weapon
 E - 5 scrolls of immolation
 F - a scroll of blinking {unknown}
 G - a scroll of magic mapping
Potions
 c - a potion of invisibility
 f - 2 potions of might
 g - a potion of curing
 h - 5 potions of flight
 j - a potion of haste {unknown}
 l - 4 potions of brilliance {unknown}
 q - a potion of attraction
 s - 2 potions of resistance {unknown}
 t - 2 potions of berserk rage {unknown}
 u - 4 potions of mutation
 I - 2 potions of lignification {unknown}


   Skills:
 + Level 1.1 Fighting
 * Level 1.3(2.0) Polearms
 + Level 2.1(2.4) Staves
 + Level 6.2 Dodging
 + Level 4.8 Stealth
 + Level 11.4 Spellcasting
 + Level 3.3 Conjurations
 + Level 2.0 Transmutations
 + Level 8.3 Earth Magic


You had 17 spell levels left.
You knew the following spells:

 Your Spells              Type           Power      Damage    Failure   Level
a - Sandblast             Erth           88%        2d18      1%          1
b - Passwall              Tmut/Erth      26%        N/A       1%          2
c - Apportation           Tloc           22%        N/A       6%          1
d - Stone Arrow           Conj/Erth      68%        3d11      1%          3
e - Petrify               Tmut/Erth      32%        N/A       7%          4
f - Dazzling Flash        Conj/Hex       36%        N/A       9%          3

Your spell library contained the following spells:

 Spells                   Type           Power      Damage    Failure   Level
 Kiss of Death            Conj/Necr      72%        2d10      3%          1
 Necrotise                Necr           44%        1d6       6%          1
 Summon Small Mammal      Summ           44%        N/A       6%          1
 Ensorcelled Hibernation  Hex/Ice        22%        N/A       9%          2
 Hailstorm                Conj/Ice       18%        3d6       9%          3
 Spider Form              Tmut/Pois      15%        N/A       12%         3
 Confusing Touch          Hex            11%        N/A       19%         3
 Gell's Gravitas          Tloc           11%        N/A       19%         3
 Lesser Beckoning         Tloc           22%        N/A       19%         3
 Summon Guardian Golem    Hex/Summ       11%        N/A       19%         3
 Teleport Other           Tloc           11%        N/A       19%         3
 Ice Form                 Ice/Tmut       15%        N/A       36%         4
 Anguish                  Hex/Necr       5%         N/A       52%         4
 Dispel Undead            Necr           11%        3d9       52%         4
 Yara's Violent Unravell  Hex/Tmut       7%         3d5       73%         5
 Agony                    Necr           11%        N/A       86%         5
 Silence                  Hex/Air        5%         N/A       86%         5
 Simulacrum               Ice/Necr       5%         N/A       100%        6
 Enfeeble                 Hex            5%         N/A       100%        7
 Orb of Destruction       Conj           12%        9d7       100%        7
 Spellforged Servitor     Conj/Summ      9%         N/A       100%        7


Dungeon Overview and Level Annotations

Branches:
Dungeon (9/15)             Temple (1/1) D:6            Lair (0/5) D:9
Ossuary (visited)
    Orc: D:9-12

Altars:
Ashenzari
Cheibriados
Dithmenos
Elyvilon
Fedhas
Gozag
Hepliaklqana
Makhleb
Nemelex Xobeh
Ru
Sif Muna
Trog
Uskayaw
Vehumet
Xom
Yredelemnul
Zin

Shops:
D:4 *   D:6 ?


Innate Abilities, Weirdness & Mutations

You are very small and have problems with some larger weapons.
You are too small for most types of armour.
You have supernaturally acute eyesight. (SInv)
You cover ground extremely quickly. (Speed+++)


Message History

The killer bee is lightly wounded.
You feel sick. The killer bee misses you.
The killer bee stings you but does no damage.
You hit the killer bee.
The killer bee is moderately wounded.
You feel sick. The hornet completely misses you.
The killer bee completely misses you. The hornet barely misses you.
The killer bee closely misses you.
You barely miss the hornet.
You feel sick.
You are no longer poisoned.
The killer bee stings you! The hornet closely misses you.
The killer bee closely misses you.
You barely miss the hornet. The hornet barely misses you.
The killer bee barely misses you. The hornet misses you.
The killer bee stings you.
You barely miss the hornet. The killer bee closely misses you.
The hornet stings you.
You feel yourself slow down. The killer bee misses you.
You barely miss the hornet. The killer bee closely misses you.
The hornet stings you!
* * * LOW HITPOINT WARNING * * *
You are lethally poisoned!
You feel as though you will be slow longer.
The killer bee closely misses you. The hornet closely misses you.
The killer bee barely misses you. The hornet misses you.
You feel better.
The killer bee stings you but does no damage.
The hornet barely misses you. The killer bee barely misses you.
The hornet stings you.
You feel as though you will be slow longer.
Okay, then.
You feel very mighty all of a sudden. The hornet closely misses you. x2
The two-headed ogre completely misses you. x2
A red film seems to cover your vision as you go berserk!
You feel yourself moving faster!
You feel mighty!
You puncture the hornet!
The hornet is moderately wounded.
The hornet closely misses you. The hornet stings you!
You feel as though you will be slow longer.
The two-headed ogre hits you with a +0 giant club!!
You die...

##...#......
#>...#.P.... ###
........... #.###
#..........
##.#.####.......>O.
#..........Yhy.....
#....<....#yyl.....
##........#O#
##.#......y@#
#..#........#
#...........#
##...#....#.....
#.#.##..###...#
######### #....
.... .... ..


You could see a two-headed ogre, a yak, a hornet, a black bear and 3 killer
bees.

Vanquished Creatures
  An elephant (D:9)
  A wraith (D:6)
  Grum (D:8)
  A steam dragon (D:7)
  A water moccasin (D:6)
  An orc warrior (D:8)
  3 sky beasts
  3 ice beasts
  3 wolves (D:8)
  2 ogres (D:6)
  4 centaurs
  A phantom (D:5)
  2 kobold brigands
  A gnoll sergeant (D:4)
  4 bullfrogs
  A necrophage (D:7)
  3 scorpions
  13 killer bees
  2 howler monkeys (D:8)
  A jelly (D:7)
  3 quasits (D:8)
  A human zombie (Ossuary)
  5 hounds
  An orc priest (D:5)
  Crazy Yiuf (D:5)
  4 iguanas
  6 orc wizards
  3 mummies (Ossuary)
  24 gnolls (D:4)
  6 adders
  A shadow imp (D:7)
  A white imp (D:6)
  3 worms
  2 dart slugs
  33 orcs
  4 ball pythons
  7 endoplasms
  2 giant cockroaches
  9 hobgoblins
  19 jackals
  5 quokkas
  3 bats
  6 frilled lizards
  2 gnoll zombies (Ossuary)
  3 goblins
  2 goblin zombies (Ossuary)
  A hobgoblin zombie (Ossuary)
  10 kobolds
  2 kobold zombies (Ossuary)
  A rat (D:3)
219 creatures vanquished.

Vanquished Creatures (others)
  A plant (D:4)
1 creature vanquished.

Grand Total: 220 creatures vanquished

Notes
Turn   | Place    | Note
-------+----------+-------------------------------------------
     0 | D:1      | RegularBeans the Spriggan Earth Elementalist began the
                  | quest for the Orb.
     0 | D:1      | Reached XP level 1. HP: 9/9 MP: 5/5
   372 | D:1      | Reached skill level 3 in Spellcasting
   380 | D:1      | Reached XP level 2. HP: 11/13 MP: 2/7
   564 | D:1      | Learned a level 2 spell: Passwall
  1034 | D:1      | Found a faded altar of an unknown god.
  1293 | D:2      | Reached XP level 3. HP: 16/16 MP: 4/8
  1507 | D:2      | Learned a level 1 spell: Apportation
  1511 | D:2      | Learned a level 3 spell: Stone Arrow
  1917 | D:3      | Found a white marble altar of Elyvilon.
  2737 | D:4      | Reached skill level 4 in Spellcasting
  2737 | D:4      | Reached XP level 4. HP: 21/21 MP: 7/11
  3102 | D:4      | Reached XP level 5. HP: 24/24 MP: 7/13
  3114 | D:4      | Reached skill level 5 in Spellcasting
  4021 | D:4      | Reached XP level 6. HP: 25/28 MP: 11/15
  4350 | D:4      | Reached skill level 6 in Spellcasting
  4452 | D:4      | Reached skill level 5 in Earth Magic
  4615 | D:4      | Reached XP level 7. HP: 29/32 MP: 11/17
  4811 | D:4      | Found Ethrol's Assorted Antiques.
  4819 | D:4      | Bought a scroll labelled XUYGYINTAG for 28 gold pieces
  4819 | D:4      | Bought 2 potions of curing for 168 gold pieces
  4819 | D:4      | Bought a scroll labelled ZIEPNYNIRE for 28 gold pieces
  5004 | D:5      | Entered Level 5 of the Dungeon
  5130 | D:5      | Reached skill level 7 in Spellcasting
  5214 | D:5      | Found a sand-covered staircase.
  5218 | Ossuary  | Entered an ossuary
  6028 | D:5      | Found a runed translucent door.
  6029 | D:5      | Noticed Crazy Yiuf
  6081 | D:5      | Reached skill level 8 in Spellcasting
  6139 | D:5      | Killed Crazy Yiuf
  6208 | D:6      | Found a staircase to the Ecumenical Temple.
  6219 | Temple   | Entered the Ecumenical Temple
  6219 | Temple   | Found a transporter.
  6219 | Temple   | Found a transporter.
  6227 | Temple   | Found a transporter.
  6227 | Temple   | Found a transporter.
  6355 | Temple   | Became a worshipper of Dithmenos the Shadowed
  6403 | D:6      | Reached XP level 8. HP: 37/37 MP: 14/21
  6721 | D:6      | Reached skill level 9 in Spellcasting
  6939 | D:6      | Reached skill level 1 in Conjurations
  7010 | D:6      | Identified the +1 robe "Leurghij" {rC+ rN++ Will-}
  7237 | D:6      | Reached * piety under Dithmenos
  7322 | D:6      | Found Lautunlo's Magic Scroll Shoppe.
  7363 | D:6      | Bought a scroll of identify for 28 gold pieces
  7363 | D:6      | Bought a scroll of identify for 28 gold pieces
  7825 | D:7      | Reached skill level 10 in Spellcasting
  7825 | D:7      | Reached XP level 9. HP: 40/40 MP: 19/24
  7830 | D:7      | Learned a level 4 spell: Petrify
  8909 | D:8      | Reached skill level 11 in Spellcasting
  9082 | D:8      | Found an opulent altar of Gozag.
  9085 | D:8      | Found a burning altar of Makhleb.
  9254 | D:8      | Reached skill level 1 in Staves
  9263 | D:8      | Reached skill level 1 in Fighting
  9287 | D:8      | Reached skill level 5 in Dodging
  9295 | D:8      | Reached ** piety under Dithmenos
  9634 | D:8      | Noticed Grum
  9641 | D:8      | Killed Grum
  9642 | D:8      | Reached XP level 10. HP: 45/45 MP: 19/26
  9741 | D:8      | Learned a level 3 spell: Dazzling Flash
 10157 | D:8      | Found a shimmering altar of Xom.
 10530 | D:9      | Found a staircase to the Lair.
 10530 | D:9      | Noticed an elephant
 10533 | D:9      | Reached skill level 1 in Polearms
 10539 | D:9      | Noticed a two-headed ogre
 10540 | D:9      | Killed an elephant
 10550 | D:9      | Slain by a two-headed ogre

Illustrated notes

Levels and vault maps discovered:
D:1:      arrival_zaba_pyramid, layout_basic, shapermc_ecumenical_altar_pompeii,
          minmay_lizard_pond
D:2:      layout_basic, serial_glass, glass_columns_a, glass_columns_b,
          minmay_misc_feat_roman
D:3:      layout_loops_ring, lemuel_tele_altar
D:4:      lemuel_castle_with_subvaults [lemuel_castle_interior_carwin_3],
          layout_basic, serial_shops, nicolae_square_shop,
          hangedman_glass_teeth, corexii_checkpoint_a, nrook_campfire
D:5:      layout_gridville, enter_ossuary_5, uniq_crazy_yiuf_cottage
D:6:      layout_gridville, minmay_temple_entry_statues, serial_shops,
          nicolae_shop_statue_plus
D:7:      layout_basic
D:8:      cheibrodos_quashed, layout_basic, tgw_xom, nicolae_overflow_squiral,
          enter_bailey_2, uniq_grum
D:9:      layout_cave_pools, nicolae_tso_swordbearing_angel,
          mainiacjoe_overflow_catwalk, david_lair_generic, orc_0_dummy,
          nicolae_transmutations_shop, minmay_librarian, uniq_erica
Temple:   hellmonk_temple_divided_pantheon

Skill      XL: |  1  2  3  4  5  6  7  8  9 10 |
---------------+-------------------------------+-----
Dodging        | 3 4 5 6 |  6.2
Spellcasting   | 3 4 5 6 8 10 11 | 11.4
Earth Magic    | 3 4 5 6 7 8 |  8.3
Stealth        | 4 |  4.8
Transmutations | 2 |  2.0
Conjurations   | 1 3 |  3.3
Staves         | 2 |  2.1
Fighting       | 1 |  1.1
Polearms       | 1 |  1.3

Action                   |  1- 3 |  4- 6 |  7- 9 | 10-12 || total
-------------------------+-------+-------+-------+-------++-------
Melee: Unarmed           |    29 |     2 |       |       ||    31
       Staff             |       |       |    41 |       ||    41
       Quarterstaff      |       |       |    33 |       ||    33
       Spear             |       |       |     3 |    52 ||    55
 Cast: Sandblast         |    62 |   118 |    81 |       ||   261
       Passwall          |     2 |       |     1 |     2 ||     5
       Stone Arrow       |       |    18 |   103 |    24 ||   145
  Use: Potion            |       |     4 |     9 |     2 ||    15
       Scroll            |       |       |    15 |       ||    15
Armor: Robe              |    14 |     4 |     6 |       ||    24
       Steam dragon scal |       |       |    19 |    50 ||    69
Dodge: Dodged            |    51 |    50 |   274 |   282 ||   657

Table legend: (Time is in decaauts)
 A = Elapsed time spent in this place.
 B = Non-inter-level travel time spent in this place.
 C = Inter-level travel time spent in this place.
 D = Time resting spent in this place.
 E = Time spent auto-exploring this place.
 F = Levels seen in this place.
 G = Mean time per level.
                   A        B        C        D        E       F      G
               +--------+--------+--------+--------+--------+-----+--------+
         Total |   8425 |   8124 |    301 |   1425 |   5195 |  11 |  765.9 |
       Dungeon |   8004 |   7717 |    287 |   1396 |   5018 |   9 |  889.3 |
        Temple |     96 |     83 |     13 |      0 |      0 |   1 |   96.0 |
       Ossuary |    325 |    325 |      0 |     29 |    177 |   1 |  325.0 |
               +--------+--------+--------+--------+--------+-----+--------+

Top non-repeatable levels by time:
     D:4: 1981 daAuts
     D:8: 1347 daAuts
     D:6: 1195 daAuts
     D:1: 946 daAuts
     D:7: 884 daAuts
     D:5: 604 daAuts
     D:3: 553 daAuts
     D:2: 438 daAuts
 Ossuary: 325 daAuts
  Temple: 96 daAuts
     D:9: 51 daAuts
